 Dungeon Crawl Stone Soup version 0.18.1-8-gdd0e5ea (webtiles) character file.

86 raph the Chiller (level 4, -10/27 HPs)
             Began as a High Elf Ice Elementalist on May 28, 2016.
             Killed from afar by an orc wizard (15 damage)
             ... with a puff of flame
             ... on level 4 of the Dungeon.
             The game lasted 00:05:14 (2627 turns).

raph the Chiller (High Elf Ice Elementalist)        Turns: 2627, Time: 00:05:15

Health: -10/27     AC:  2    Str:  7    XL:     4   Next: 27%
Magic:  3/9        EV: 13    Int: 20    God:
Gold:   32         SH:  0    Dex: 15    Spells: 4 memorised, 2 levels left

rFire  x . .     SeeInvis .     l - +0 short sword
rCold  + . .     Gourm    .     a - +0 robe
rNeg   . . .     Faith    .     (no shield)
rPois  .         Spirit   .     (no helmet)
rElec  .         Dismiss  .     (no cloak)
rCorr  .         Reflect  .     (no gloves)
SustAt .         Harm     .     (no boots)
MR     .....                    (no amulet)
Stlth  ++........               (no ring)
                                j - ring of ice

@: lethally poisoned (-10 -> -16), very slightly contaminated, not resistant to
hostile enchantments, unstealthy
A: no striking features
a: no special abilities


You were on level 4 of the Dungeon.
You were hungry.

You visited 1 branch of the dungeon, and saw 4 of its levels.

You collected 32 gold pieces.

Inventory:

Hand Weapons
 g - a +0 dagger
 l - a +0 short sword (weapon)
Missiles
 f - 63 arrows
Armour
 a - a +0 robe (worn)
Jewellery
 j - a ring of ice (left hand)
 m - an uncursed ring of ice
Scrolls
 e - 2 scrolls of enchant armour {unknown}
 i - 3 scrolls of noise {unknown}
 k - a scroll of identify {unknown}
 n - a scroll of blinking {unknown}
 q - 3 scrolls of recharging {unknown}
Potions
 p - a potion of haste {unknown}
Books
 b - a book of Frost

   Spells                             Type                      Level
   a - Freeze                         Ice                          1
   b - Throw Frost                    Conjuration/Ice              2
   c - Ozocubu's Armour               Charms/Ice                   3
   d - Throw Icicle                   Conjuration/Ice              4
   e - Summon Ice Beast               Ice/Summoning                4
 o - a book of the Dragon

   Spells                             Type                      Level
   a - Flame Tongue                   Conjuration/Fire             1
   b - Cause Fear                     Hexes                        4
   c - Bolt of Fire                   Conjuration/Fire             6
   d - Dragon Form                    Transmutation                7
   e - Dragon's Call                  Summoning                    9
Comestibles
 c - a bread ration
 d - 4 fruits
 h - 2 beef jerkies
 r - a meat ration
 s - 3 chunks of flesh


   Skills:
 + Level 3.0 Dodging
 + Level 2.6 Stealth
 + Level 3.1 Spellcasting
 * Level 1.8 Conjurations
 * Level 3.9 Ice Magic


You had 2 spell levels left.
You knew the following spells:

 Your Spells              Type           Power        Failure   Level  Hunger
a - Freeze                Ice            ####         2%          1    None
b - Throw Frost           Conj/Ice       ###...       10%         2    ##.....
c - Ozocubu's Armour      Chrm/Ice       ###.....     21%         3    ###....
d - Flame Tongue          Conj/Fire      #....        12%         1    None


Dungeon Overview and Level Annotations

Branches:
Dungeon (4/15)
 Temple: D:4-7

Altars:
Cheibriados
Fedhas

Annotations:
D:3 barakagiga's ghost, weakling HaHu


Message History

You feel a surge of power!
You freeze the iguana.
The iguana seems to slow down.
The iguana is severely wounded.
* * * LOW HITPOINT WARNING * * *
You feel sick. The iguana closely misses you.
Casting: Freeze
Confirm with . or Enter, or press ? or * to list all spells.
Aiming: Freeze
Press: ? - help, Shift-Dir - straight line, f/p - iguana
Aim: an iguana (severely wounded, slow)
You feel a surge of power!
You freeze the iguana.
The iguana is severely wounded.
* * * LOW HITPOINT WARNING * * *
You feel sick. The iguana closely misses you.
An orc comes into view. It is wielding a hand axe.
The orc wizard shouts!
The orc wizard points at you and mumbles some strange words.
The puff of flame hits you! The fire burns you terribly!
Ouch! That really hurt!
You die...

#.# ...#
#######.##...##
.................
.................
.................
.................
........lo.......
#...# ....o..
..##..@##.......
.........<.......
........"....o...
.............o...
....#....#....#..
############### #


You could see an iguana, an orc wizard and an orc (wandering).

Vanquished Creatures
  2 gnolls (D:3)
  2 adders
  A worm (D:3)
  A dart slug (D:3)
  A giant gecko (D:3)
  An orc (D:3)
  5 bats
  4 giant cockroaches
  4 goblins
  4 hobgoblins
  4 jackals (D:3)
  3 quokkas
  A giant newt (D:3)
  5 kobolds
  3 rats
41 creatures vanquished.

Notes
Turn   | Place    | Note
--------------------------------------------------------------
     0 | D:1      | raph the High Elf Ice Elementalist began the quest for the Orb.
     0 | D:1      | Reached XP level 1. HP: 11/11 MP: 4/4
   436 | D:1      | Reached XP level 2. HP: 17/17 MP: 4/6
   475 | D:1      | Learned a level 2 spell: Throw Frost
  1328 | D:2      | Found a blossoming altar of Fedhas.
  1340 | D:2      | Found a snail-covered altar of Cheibriados.
  1443 | D:2      | Reached XP level 3. HP: 20/21 MP: 6/8
  1528 | D:2      | Learned a level 3 spell: Ozocubu's Armour
  1530 | D:2      | Learned a level 1 spell: Flame Tongue
  1753 | D:3      | Found a faded altar to an unknown god.
  2302 | D:3      | Noticed barakagiga's ghost (weakling HaHu)
  2335 | D:3      | Reached XP level 4. HP: 25/27 MP: 2/9
  2597 | D:3      | Noticed a phantom
  2627 | D:4      | Killed from afar by an orc wizard

Skill      XL: |  1  2  3  4 |
---------------+-------------+-----
Spellcasting   | 3 |  3.1
Dodging        | 3 |  3.0
Stealth        | |  2.6
Conjurations   | |  1.8
Ice Magic      | |  3.9

Action                   |  1- 3 |  4- 6 || total
-------------------------+-------+-------++-------
Melee: Dagger            |     1 |       ||     1
       Short sword       |    10 |     1 ||    11
 Cast: Freeze            |    49 |    10 ||    59
       Throw Frost       |     4 |     2 ||     6
       Ozocubu's Armour  |     2 |       ||     2
  Eat: Chunk             |     4 |     1 ||     5
Armor: Robe              |    24 |       ||    24
Dodge: Dodged            |    47 |     9 ||    56
